 Dungeon Crawl Stone Soup version 0.19.4-9-g45fd643 (console) character file.

94 Grinner the Ducker (level 4, -2/22 HPs)
             Began as a Spriggan Gladiator on Feb 17, 2017.
             Slain by Robin
             ... wielding a +0 dagger
              (3 damage)
             ... on level 2 of the Dungeon.
             The game lasted 00:01:44 (1080 turns).

Grinner the Ducker (Spriggan Gladiator)             Turns: 1080, Time: 00:01:44

Health: -2/22      AC:  2    Str: 10 (11) XL:     4   Next: 38%
Magic:  5/5        EV: 19    Int:  9 (11) God:
Gold:   73         SH:  0    Dex: 14 (17) Spells: 0 memorised, 3 levels left

rFire  x . .     SeeInvis +     a - +0 quarterstaff
rCold  + . .     Gourm    .     b - +0 robe
rNeg   . . .     Faith    .     (shield currently unavailable)
rPois  .         Spirit   .     c - +0 hat
rElec  .         Reflect  .     (no cloak)
rCorr  .         Harm     .     (gloves unavailable)
MR     .....     Clarity  +     (boots unavailable)
Stlth  +.........               (no amulet)
                                (no ring)
                                m - ring of ice

@: very quick
A: unfitting armour, see invisible, clarity, clever 1, herbivore 3, speed 3,
slow metabolism 2
a: no special abilities


You were on level 2 of the Dungeon.
You were not hungry.

You visited 1 branch of the dungeon, and saw 2 of its levels.

You collected 73 gold pieces.

Inventory:

Hand Weapons
 a - a +0 quarterstaff (weapon)
Missiles
 d - 3 throwing nets (quivered)
Armour
 b - a +0 robe (worn)
 c - a +0 hat (worn)
Jewellery
 m - a ring of ice (left hand)
Wands
 g - a wand of lightning (9/15)
Scrolls
 e - a scroll of magic mapping {unknown}
 i - a scroll of immolation {unknown}
 j - a scroll of fear {unknown}
 l - a scroll of identify {unknown}
 n - 2 scrolls of recharging {unknown}
Comestibles
 f - a bread ration


   Skills:
 - Level 1.5 Fighting
 + Level 3.9 Staves
 - Level 2.0 Throwing
 - Level 4.4 Dodging


You had 3 spell levels left.
You didn't know any spells.

Dungeon Overview and Level Annotations

Branches:
Dungeon (2/15)

Altars:

Annotations:
D:2 Robin


Innate Abilities, Weirdness & Mutations

You are very small and have problems with some larger weapons.
You are too small for most types of armour.
You have supernaturally acute eyesight. (SInv)
You are a herbivore.
You cover ground extremely quickly.
You need consume almost no food.
You possess an exceptional clarity of mind.
Your mind is acute. (Int +2)


Message History

The goblin closely misses you.
Robin roars a battlecry!
The goblins go into a battle-frenzy!
You are too injured to fight recklessly!
You barely miss the goblin.
The goblin is severely wounded.
The goblin closely misses you.
You hit the goblin.
You kill the goblin!
You thump the goblin!
You kill the goblin!
You barely miss the goblin. The goblin hits you.
* * * LOW HITPOINT WARNING * * *
You sock the goblin!
You kill the goblin!
You hit Robin but do no damage. Robin throws the goblin at you!
* * * LOW HITPOINT WARNING * * *
The goblin misses you.
You hit Robin but do no damage. Robin hits you with a dagger.
You die...

..###. ....... ......
....... ..... .......
.... ...##.# ...
..#.#.. ##.. ..##.#
#.. ..#.## # #g# ...#
#. #@# #.## #. #g# .##
####.### #.# .## ####
#......###.#..... ...#
# #...........#
.#.####.####.#########
....... ...#.# ....#
#.##.#.# ###.#
#......#


You could see Robin and a goblin.

Vanquished Creatures
  Ijyb (D:2)
  3 adders (D:2)
  2 worms (D:2)
  4 bats
  2 giant cockroaches
  8 goblins
  5 hobgoblins
  A quokka (D:2)
  A frilled lizard (D:1)
  3 kobolds
  4 rats
34 creatures vanquished.

Notes
Turn   | Place    | Note
-------+----------+-------------------------------------------
     0 | D:1      | Grinner the Spriggan Gladiator began the quest for the Orb.
     0 | D:1      | Reached XP level 1. HP: 10/10 MP: 2/2
   350 | D:1      | Reached XP level 2. HP: 14/14 MP: 3/3
   638 | D:2      | Gained mutation: You possess an exceptional clarity of mind. [potion of beneficial mutation]
   639 | D:2      | Gained mutation: Your mind is acute. (Int +2) [potion of beneficial mutation]
   650 | D:2      | Reached XP level 3. HP: 18/18 MP: 4/4
   672 | D:2      | Noticed Ijyb
   849 | D:2      | Killed Ijyb
   931 | D:2      | Reached XP level 4. HP: 21/22 MP: 5/5
  1049 | D:2      | Noticed Robin
  1079 | D:2      | HP: 1/22 [Robin/goblin (2)]
  1080 | D:2      | Slain by Robin

Skill      XL: |  1  2 |
---------------+-------+-----
Staves         | 3 |  3.9
Fighting       | |  1.5
Throwing       | |  2.0
Dodging        | |  4.4

Action                   |  1- 3 |  4- 6 || total
-------------------------+-------+-------++-------
Melee: Quarterstaff      |    55 |    35 ||    90
  Use: Potion            |     5 |     1 ||     6
 Stab: Sleeping          |     1 |       ||     1
Armor: Robe              |     5 |       ||     5
Dodge: Dodged            |    56 |    19 ||    75
